 Dungeon Crawl Stone Soup version 0.30.1-4-g462c640d31 (webtiles) character file.

Game seed: 3377646242536983979

14 Ninjinzu the Trooper (level 2, -2/24 HPs)
             Began as a Demonspawn Berserker on Sept 15, 2023.
             Was a Follower of Trog.
             Slain by a worm (7 damage)
             ... on level 2 of the Dungeon.
             The game lasted 00:02:10 (1414 turns).

Ninjinzu the Trooper (Demonspawn Berserker)         Turns: 1414, Time: 00:02:11

Health: -2/24      AC: 12    Str: 17    XL:     2   Next: 31%
Magic:  2/2        EV: 11    Int:  8    God:    Trog [*.....]
Gold:   76         SH:  0    Dex: 12    Spells: 1/1 levels left

rFire   . . .        l - +0 dagger (protect)
rCold   . . .        (no shield)
rNeg    . . .        i - +0 ring mail
rPois   +            (no helmet)
rElec   .            (no cloak)
rCorr   .            (no gloves)
SInv    .            (no boots)
Will    .....        (no amulet)
Stlth   +            j - ring of poison resistance
HPRegen 0.24/turn    (no ring)
MPRegen 0.16/turn

%: no passive effects
@: under a protective aura
A: magic regeneration
a: Renounce Religion, Berserk


You were on level 2 of the Dungeon.
You worshipped Trog.
Trog was aware of your devotion.
You visited 1 branch of the dungeon, and saw 2 of its levels.

You collected 76 gold pieces.

Inventory:

Hand Weapons
 a - a +0 spear
 l - a +0 dagger of protection (weapon)
Armour
 b - a +0 animal skin
 i - a +0 ring mail (worn)
Jewellery
 j - a ring of poison resistance (left hand)
 p - a +6 ring of strength
Scrolls
 e - a scroll of blinking {unknown}
 k - a scroll of identify {unknown}
 m - a scroll of amnesia {unknown}
 n - a scroll of teleportation {unknown}
 o - a scroll of fear {unknown}
Potions
 c - a potion of haste {unknown}
 d - a potion of flight {unknown}
 f - 3 potions of might {unknown}
 g - a potion of invisibility {unknown}
 h - a potion of attraction {unknown}


   Skills:
 + Level 3.2 Fighting
 + Level 3.0 Polearms
 + Level 1.9 Armour
 + Level 1.7 Dodging
 + Level 0.2 Stealth


You had one spell level left.
You didn't know any spells.
Your spell library was empty.

Dungeon Overview and Level Annotations

Branches:
Dungeon (2/15)

Altars:


Innate Abilities, Weirdness & Mutations

You regenerate magic rapidly.


Message History

The worm is moderately wounded.
The worm bites you.
You hit the worm.
The worm is heavily wounded.
You hit the worm.
The worm is heavily wounded.
The worm bites you but does no damage.
You hit the worm but do no damage.
The worm is heavily wounded.
You barely miss the worm.
The worm is heavily wounded.
The worm bites you but does no damage.
You hit the worm but do no damage.
The worm is heavily wounded.
The worm bites you but does no damage.
You hit the worm.
The worm is heavily wounded.
You barely miss the worm.
The worm is heavily wounded.
The worm bites you but does no damage.
You hit the worm.
The worm is severely wounded.
You hit the worm.
The worm is severely wounded.
The worm bites you!
You hit the worm but do no damage.
The worm is severely wounded.
The worm bites you.
You hit the worm.
The worm is severely wounded.
You hit the worm.
The worm is severely wounded.
The worm bites you.
* * * LOW HITPOINT WARNING * * *
You hit the worm.
The worm is almost dead.
You hit the worm.
The worm is almost dead.
The worm bites you!
You die...

#.#.######.#.#
#.#........#.#
#.#.##.#####.#
#.#.#......#.# #
########.#.#..###.#.#
##.#.............# #.#.#
..............#..# #.#.#
.#..........#..###.#.#
#..w@......##.....#.#
#...................#.#
####
.....................#.#
......
##.###.#####.#########.#
...... ..
....................
###.# #
.#.####.##########.#
....##
..#.#...........###.#
...... .
+............>..#.#
....##
#.###..######.#.#.#


You could see a worm.

Vanquished Creatures
  A ball python (D:2)
  3 endoplasms
  2 goblins
  A quokka (D:2)
  A bat (D:1)
  2 kobolds
  4 rats
14 creatures vanquished.

Notes
Turn   | Place    | Note
-------+----------+-------------------------------------------
     0 | D:1      | Ninjinzu the Demonspawn Berserker began the quest for the
                  | Orb.
     0 | D:1      | Reached XP level 1. HP: 18/18 MP: 1/1
   948 | D:2      | Gained mutation: You regenerate magic rapidly. [demonic
                  | ancestry]
   948 | D:2      | Reached XP level 2. HP: 24/24 MP: 2/2
  1414 | D:2      | Slain by a worm

Illustrated notes

Levels and vault maps discovered:
D:1:      wheals_arrival_shading, layout_basic
D:2:      layout_basic, minmay_misc_feat_tiny

Skill      XL: |  1 |
---------------+----+-----
Polearms       | 3 |  3.0
Fighting       | |  3.2
Armour         | |  1.9
Dodging        | |  1.7
Stealth        | |  0.2

Action                     || total
---------------------------++-------
  Melee: Spear             ||    12
         Dagger            ||    62
 Armour: Ring mail         ||    24
  Dodge: Dodged            ||    25
